 Dungeon Crawl Stone Soup version 0.18-b1-10-g3f7de93 (webtiles) character file.

831 MTVSty1e the Covered (level 7, -13/44 HPs)
             Began as a Gargoyle Fighter on Apr 29, 2016.
             Mangled by an ogre
             ... wielding a +0 giant club
              (17 damage)
             ... on level 4 of the Dungeon.
             The game lasted 00:09:49 (3284 turns).

MTVSty1e the Covered (Gargoyle Fighter)             Turns: 3284, Time: 00:09:50

Health: -13/44     AC: 13    Str: 21    XL:     7   Next: 98%
Magic:  7/7        EV:  8    Int:  9    God:
Gold:   293        SH: 10    Dex:  9    Spells: 0 memorised, 6 levels left

rFire  . . .     SeeInvis .     B - +1 whip (flame)
rCold  . . .     Gourm    .     b - +0 scale mail
rNeg   + . .     Faith    .     c - +0 shield
rPois  ∞         Spirit   .     m - +0 helmet
rElec  +         Dismiss  .     (no cloak)
rCorr  .         Reflect  .     (no gloves)
SustAt .         Harm     .     (no boots)
MR     .....                    (no amulet)
Stlth  ..........               (no ring)
                                (no ring)

@: not resistant to hostile enchantments, extremely unstealthy
A: negative energy resistance 1, electricity resistance, unbreathing,
petrification resistance, rot immunity, AC +4
a: no special abilities


You were on level 4 of the Dungeon.
You were not hungry.

You visited 1 branch of the dungeon, and saw 4 of its levels.

You collected 293 gold pieces.

Inventory:

Hand Weapons
 a - a +0 long sword
 z - a +0 club
 B - a +1 whip of flaming (weapon)
Armour
 b - a +0 scale mail (worn)
 c - a +0 shield (worn)
 m - a +0 helmet (worn)
Jewellery
 p - an uncursed amulet of dismissal
Wands
 w - a wand of lightning (7/15)
Scrolls
 e - 2 scrolls of amnesia
 g - 2 scrolls of teleportation
 h - a scroll of identify
 k - 3 scrolls of random uselessness
 y - 4 scrolls of remove curse {unknown}
 A - a scroll of blinking {unknown}
Potions
 d - a potion of brilliance {unknown}
 i - a potion of berserk rage {unknown}
 n - a potion of lignification {unknown}
 o - a potion of agility {unknown}
 q - 4 potions of curing {unknown}
 r - 3 potions of ambrosia {unknown}
 t - 2 potions of flight {unknown}
 u - a potion of haste {unknown}
Comestibles
 f - 4 bread rations
 j - a royal jelly
 l - 2 meat rations
 s - a fruit
 v - a slice of pizza
 x - a beef jerky


   Skills:
 * Level 5.4 Fighting
 - Level 3.5 Long Blades
 * Level 5.8 Armour
 + Level 2.4 Dodging
 + Level 0.5 Stealth
 + Level 5.4 Shields


You had 6 spell levels left.
You didn't know any spells.

Dungeon Overview and Level Annotations

Branches:
Dungeon (4/15)
 Temple: D:4-7

Altars:
Dithmenos
Nemelex Xobeh


Innate Abilities, Weirdness & Mutations

You are resistant to torment.
Your stone body is resilient (AC +4).
You are immune to poison.
You resist negative energy.
You are resistant to electric shocks.
You can survive without breathing.
You are immune to petrification.
You are immune to rotting.


Message History

Found a leather armour.
As you open the door, it creaks loudly!
There is an open door here.
v - a slice of pizza You open the door.
There is an open door here.
There is an open door here.
There is a stone staircase leading down here.
You swap places.
An ogre comes into view. It is wielding a giant club.
The ogre shouts!
You barely miss the ogre. The ogre hits you with a giant club!!
You whack the ogre! You burn the ogre.
The ogre is moderately wounded.
The ogre hits you with a giant club!!
* * * LOW HITPOINT WARNING * * *
You whack the ogre! You burn the ogre.
The ogre is heavily wounded.
The ogre hits you with a giant club!
You die...

####.........#
...####.###### ###
##.# #.# #.. ##.#
#.# #.# ##.# #.# #.#
##.# #.# #.# ##.#
#.# #.# ##.# #.# #O#
# ##.#
#.########@#.#
##.####............#
...........#####.#.#
##.######### #.#.#
[...... ... .
####### ###.## .# #


You could see an ogre.

Vanquished Creatures
  Pikel (D:4)
  An ogre (D:4)
  A jelly (D:4)
  2 giant frog skeletons
  An iguana (D:4)
  Ijyb (D:3)
  Natasha (twice) (D:2)
  3 adders
  A worm (D:2)
  3 dart slugs
  3 giant geckos
  An orc (D:4)
  6 bats
  5 giant cockroaches
  4 goblins
  4 hobgoblins
  9 jackals
  3 kobolds
  A ball python (D:1)
  4 rats
56 creatures vanquished.

Vanquished Creatures (others)
  2 slaves (D:4)
  A black bear (D:4)
  A scorpion (D:4)
  A centaur skeleton (D:4)
  An orc (D:4)
  A giant newt (D:4)
7 creatures vanquished.

Grand Total: 63 creatures vanquished

Notes
Turn   | Place    | Note
--------------------------------------------------------------
     0 | D:1      | MTVSty1e the Gargoyle Fighter began the quest for the Orb.
     0 | D:1      | Reached XP level 1. HP: 14/14 MP: 1/1
   123 | D:1      | Reached XP level 2. HP: 19/19 MP: 2/2
   456 | D:1      | Reached XP level 3. HP: 17/23 MP: 3/3
  1010 | D:2      | Noticed Natasha
  1017 | D:2      | Killed Natasha
  1017 | D:2      | Reached skill level 1 in Dodging
  1017 | D:2      | Reached XP level 4. HP: 28/29 MP: 4/4
  1136 | D:2      | Noticed Natasha
  1145 | D:2      | Killed Natasha
  1230 | D:2      | Found a shadowy altar of Dithmenos.
  1793 | D:3      | Found a sparkling altar of Nemelex Xobeh.
  1863 | D:3      | Reached XP level 5. HP: 21/33 MP: 5/5
  1868 | D:3      | Noticed Ijyb
  1883 | D:3      | Killed Ijyb
  2481 | D:4      | Noticed a slave
  2482 | D:4      | Noticed a slave
  2483 | D:4      | Noticed Pikel
  2483 | D:4      | Noticed a black bear
  2484 | D:4      | Noticed a slave
  2485 | D:4      | Noticed a slave
  2502 | D:4      | Killed Pikel
  2502 | D:4      | Reached skill level 5 in Armour
  2502 | D:4      | Reached skill level 5 in Shields
  2502 | D:4      | Reached XP level 6. HP: 37/40 MP: 6/6
  2502 | D:4      | Reached XP level 7. HP: 41/44 MP: 7/7
  2510 | D:4      | Reached skill level 5 in Fighting
  2814 | D:4      | Killed a freed slave
  3284 | D:4      | Mangled by an ogre

Skill      XL: |  1  2  3  4  5  6  7 |
---------------+----------------------+-----
Long Blades    | 2 3 |  3.5
Dodging        | 1 2 |  2.4
Fighting       | 4 5 |  5.4
Shields        | 4 5 |  5.4
Armour         | 5 |  5.8
Stealth        | |  0.5

Action                   |  1- 3 |  4- 6 |  7- 9 || total
-------------------------+-------+-------+-------++-------
Melee: Long sword        |    92 |   125 |    47 ||   264
       Whip              |       |       |     3 ||     3
  Use: Potion            |       |     1 |     1 ||     2
       Scroll            |       |       |     4 ||     4
  Eat: Bread ration      |       |     1 |     1 ||     2
       Pizza             |       |     1 |       ||     1
Armor: Scale mail        |   110 |    61 |    17 ||   188
Dodge: Dodged            |    68 |    45 |    21 ||   134
Block: Shield            |   101 |    67 |    23 ||   191
